 Dungeon Crawl Stone Soup version 0.18.1-6-gd335043 (webtiles) character file.

3279 MTVSty1e the Fighter (level 9, -5/82 HPs)
             Began as a White Draconian Berserker on May 16, 2016.
             Was an Elder of Trog.
             Killed from afar by a raiju (21 damage)
             ... with a living lightning
             ... on level 1 of the Abyss.
             The game lasted 00:31:30 (8071 turns).

MTVSty1e the Fighter (White Draconian Berserker)    Turns: 8071, Time: 00:31:42

Health: -5/82      AC:  9    Str: 22    XL:     9   Next: 69%
Magic:  9/9        EV: 19    Int:  9    God:    Trog [****..]
Gold:   276        SH:  0    Dex: 10    Spells: 0 memorised, 8 levels left

rFire  + . .     SeeInvis .     x - +7 demon trident of the Tomato {venom, rPois rF+ MR+++ Stlth-}
rCold  + . .     Gourm    .     (armour unavailable)
rNeg   + . .     Faith    .     (no shield)
rPois  +         Spirit   .     (helmet restricted)
rElec  .         Dismiss  .     z - +0 cloak
rCorr  .         Reflect  .     y - +0 pair of gloves
SustAt .         Harm     .     (no boots)
MR     +++++                    (no amulet)
Stlth  +.........               F - ring of positive energy
                                e - +4 ring of evasion

@: about to teleport, regenerating, almost entirely resistant to hostile
enchantments, very unstealthy
A: breathe frost, unfitting armour, cold resistance 1, cold-blooded, AC +7
a: Breathe Frost, Berserk, Trog's Hand, Brothers in Arms, Burn Spellbooks,
Renounce Religion


You were on level 1 of the Abyss.
You worshipped Trog.
Trog was greatly pleased with you.
You were not hungry.

You visited 1 branch of the dungeon, and saw 8 of its levels.
You visited the Abyss 1 time.

You collected 276 gold pieces.

Inventory:

Hand Weapons
 a - a +1 hand axe
 b - a +0 spear
 h - a +0 dagger
 l - a +0 battleaxe
 s - a +2 flail of pain
 x - the +7 demon trident of the Tomato (weapon) {venom, rPois rF+ MR+++ Stlth-}
   (You found it on level 8 of the Dungeon)

   It poisons the flesh of those it strikes.
   It protects you from fire.
   It protects you from poison.
   It affects your resistance to hostile enchantments.
   It makes you less stealthy.
Armour
 y - a +0 pair of gloves (worn)
 z - a +0 cloak (worn)
 E - a +0 cloak
 G - the -5 pair of boots of Midwinter {Slay+4}
   (You found it on level 1 of the Abyss)

   It affects your accuracy and damage with ranged weapons and melee attacks
   (+4).
Jewellery
 e - a +4 ring of evasion (left hand)
 w - an uncursed ring of sustain attributes
 F - a ring of positive energy (right hand)
Wands
 o - a wand of random effects (15/48)
 v - a wand of flame (48/48)
 C - a wand of slowing (15/48)
Scrolls
 g - 4 scrolls of teleportation
 k - 4 scrolls of identify
 m - 2 scrolls of remove curse
 q - a scroll of enchant armour
 B - a scroll of fog {unknown}
Potions
 c - 2 potions of magic
 d - 2 potions of agility {unknown}
 f - 2 potions of curing
 j - 2 potions of flight {unknown}
 n - a potion of cure mutation {unknown}
 p - a potion of might {unknown}
 r - a potion of haste
 t - a potion of ambrosia {unknown}
 A - a potion of lignification {unknown}
Comestibles
 u - a bread ration
 D - a meat ration


   Skills:
 * Level 8.3 Fighting
 - Level 5.8(6.2) Axes
 + Level 3.1(4.9) Polearms
 + Level 8.3 Dodging
 - Level 5.4 Stealth


You had 8 spell levels left.
You didn't know any spells.

Dungeon Overview and Level Annotations

Branches:
Dungeon (8/15)             Temple (0/1) D:5            Lair (0/8) D:8

Altars:
Ashenzari
Elyvilon
Kikubaaqudgha
Nemelex Xobeh
Okawaru
Trog
Xom
Zin


Innate Abilities, Weirdness & Mutations

You can breathe waves of freezing cold.
You can buffet flying creatures when you breathe cold.
Your icy white scales are hard (AC +7).
Your body does not fit into most forms of armour.
Your flesh is cold resistant.
You are cold-blooded and may be slowed by cold attacks.


Message History

* * * LOW HITPOINT WARNING * * *
Drink which item? (? for menu, Esc to quit)
You feel much better. The raiju misses you.
Drink which item? (? for menu, Esc to quit)
Okay, then.
The raiju closely misses you.
The raiju bursts into living lightning!
The living lightning hits you! x2; The raiju blinks! x5
Drink which item? (? for menu, Esc to quit)
Okay, then.
You closely miss the raiju. The raiju bites you but does no damage.
Drink which item? (? for menu, Esc to quit)
You feel much better. The raiju completely misses you.
You barely miss the raiju. The raiju bites you! The raiju shocks you!
The raiju bursts into living lightning!
The living lightning hits the raiju.
The raiju completely resists.
The living lightning hits you!
* * * LOW HITPOINT WARNING * * *
The living lightning hits you!
You die...

... ##
.......
....... .
.. ..
......
######## #
... .. #...
..... ...
..#.#######
#.. .##@#
#.#.#.hh##
#.#.##h#
..#.# .##
###. #. ..
## .##


You could see 3 raiju.

Vanquished Creatures
  An orange demon (Abyss:1)
  A komodo dragon (D:8)
  A hungry ghost (D:8)
  A chaos spawn (Abyss:1)
  A spatial vortex (Abyss:1)
  An ice beast (D:7)
  3 ogres
  A sky beast (D:8)
  2 black bears (D:8)
  An orc warrior (D:6)
  2 phantoms
  A centaur (D:7)
  6 giant frogs
  2 howler monkeys
  A crimson imp (D:5)
  2 giant frog zombies (D:8)
  6 hounds
  A centaur zombie (D:8)
  A gnoll shaman (D:6)
  An orc priest (D:7)
  Crazy Yiuf (D:7)
  A giant frog skeleton (D:3)
  3 iguanas
  3 orc wizards
  3 worker ants (D:5)
  A hound zombie (D:5)
  A hound skeleton (D:4)
  8 adders
  4 gnolls
  A shadow imp (D:5)
  A white imp (Abyss:1)
  3 oozes
  3 worms
  3 dart slugs
  5 giant geckos
  12 orcs
  A ball python (D:4)
  5 giant cockroaches
  11 goblins
  6 hobgoblins
  17 jackals
  10 bats
  A giant gecko skeleton (D:8)
  2 giant newts
  8 kobolds
  9 rats
  2 plants (D:8)
161 creatures vanquished.

Vanquished Creatures (collateral kills)
  2 phantoms (D:6)
  A howler monkey (D:6)
  4 gnolls (D:6)
  A worm (D:6)
  3 orcs (D:6)
11 creatures vanquished.

Grand Total: 172 creatures vanquished

Notes
Turn   | Place    | Note
--------------------------------------------------------------
     0 | D:1      | MTVSty1e the Draconian Berserker began the quest for the Orb.
     0 | D:1      | Reached XP level 1. HP: 19/19 MP: 1/1
   215 | D:1      | Reached XP level 2. HP: 15/26 MP: 2/2
   742 | D:1      | Reached skill level 1 in Stealth
   784 | D:1      | Reached XP level 3. HP: 33/33 MP: 3/3
   895 | D:1      | Reached ** piety under Trog
  1739 | D:2      | Reached XP level 4. HP: 32/40 MP: 4/4
  1798 | D:2      | Found an iron altar of Okawaru.
  2088 | D:2      | Reached *** piety under Trog
  2362 | D:3      | Reached XP level 5. HP: 35/46 MP: 5/5
  3079 | D:4      | Found an ancient bone altar of Kikubaaqudgha.
  3080 | D:4      | Found a shattered altar of Ashenzari.
  3292 | D:4      | Reached XP level 6. HP: 46/52 MP: 6/6
  3583 | D:4      | Found a shimmering altar of Xom.
  3583 | D:4      | Found a white marble altar of Elyvilon.
  3584 | D:4      | Found a bloodstained altar of Trog.
  3921 | D:5      | Entered Level 5 of the Dungeon
  3965 | D:5      | Reached skill level 5 in Dodging
  4018 | D:5      | Your scales start taking on an icy white colour.
  4018 | D:5      | Reached XP level 7. HP: 42/60 MP: 7/7
  4018 | D:5      | Gained mutation: Your flesh is cold resistant. [White Draconian growth]
  4220 | D:5      | Reached **** piety under Trog
  4354 | D:5      | Found a glowing silver altar of Zin.
  4951 | D:5      | Reached skill level 5 in Fighting
  5077 | D:5      | Found a staircase to the Ecumenical Temple.
  5501 | D:6      | Reached XP level 8. HP: 61/68 MP: 8/8
  5504 | D:6      | Reached skill level 5 in Axes
  5617 | D:6      | Reached skill level 5 in Stealth
  6165 | D:6      | You fall through a shaft for 2 floors!
  6165 | D:8      | Found a staircase to the Lair.
  6165 | D:8      | Noticed a komodo dragon
  6178 | D:8      | Killed a komodo dragon
  6468 | D:8      | Got a crystal demon trident
  6480 | D:8      | Identified the +7 demon trident of the Tomato {venom, rPois rF+ MR+++ Stlth-} (You found it on level 8 of the Dungeon)
  6722 | D:8      | Reached XP level 9. HP: 69/75 MP: 9/9
  6886 | D:8      | Reached skill level 1 in Polearms
  7286 | D:7      | Found a sparkling altar of Nemelex Xobeh.
  7382 | D:7      | Noticed Crazy Yiuf
  7389 | D:7      | Killed Crazy Yiuf
  7600 | D:7      | Cast into level 1 of the Abyss (orc wizard)
  7669 | Abyss:1  | Noticed a large abomination
  7778 | Abyss:1  | Noticed a smoke demon
  7927 | Abyss:1  | Got a pair of polished boots
  7928 | Abyss:1  | Identified the -5 pair of boots of Midwinter {Slay+4} (You found it on level 1 of the Abyss)
  7931 | Abyss:1  | Noticed a thrashing horror
  7939 | Abyss:1  | Noticed an orange demon
  7944 | Abyss:1  | Noticed a starcursed mass
  7946 | Abyss:1  | Killed an orange demon
  7956 | Abyss:1  | Paralysed by accursed screaming for 1 turns
  8071 | Abyss:1  | Killed from afar by a raiju

Skill      XL: |  1  2  3  4  5  6  7  8  9 |
---------------+----------------------------+-----
Dodging        | 3 4 5 6 7 8 |  8.3
Stealth        | 1 2 3 4 5 |  5.4
Fighting       | 4 5 6 8 |  8.3
Axes           | 4 5 |  5.8
Polearms       | 3 |  3.1

Action                   |  1- 3 |  4- 6 |  7- 9 || total
-------------------------+-------+-------+-------++-------
Melee: Hand axe          |   129 |   255 |   167 ||   551
       Tailslap          |    11 |    30 |    39 ||    80
       Battleaxe         |       |       |    31 ||    31
       Demon trident     |       |       |    95 ||    95
Invok: Berserk           |     1 |     1 |     4 ||     6
       Burn Spellbooks   |       |     1 |     2 ||     3
       Trog's Hand       |       |     1 |     2 ||     3
       Brothers in Arms  |       |       |     2 ||     2
 Abil: Breathe Frost     |       |       |     5 ||     5
  Use: Scroll            |     5 |     4 |    10 ||    19
       Potion            |       |       |     6 ||     6
 Stab: Sleeping          |       |     2 |     5 ||     7
  Eat: Bread ration      |     1 |       |     2 ||     3
       Pizza             |       |     1 |     1 ||     2
       Meat ration       |       |     1 |     2 ||     3
       Beef jerky        |       |     1 |       ||     1
       Royal jelly       |       |       |     1 ||     1
Armor: Skin              |    40 |    62 |    44 ||   146
Dodge: Dodged            |   100 |   241 |   275 ||   616
